[ AOE2 MATCH · #471927484 ]
Team RMFranks vs Mongols
[ REPLAY ANALYSIS · EXTRACTED FROM THE RECORDED GAME ]
Feudal
10:11
Castle
22:27
Imperial
32:55
| APM avg | 29.2 |
| APM peak | 74 |
| eAPM avg | 16.2 |
| Villagers / military | 119 / 87 |
Focus
⚔️ 25.8% · 🌾 74.2%
Knight ×75 · Scout Cavalry ×5 · Trebuchet (Packed) ×4 · Spearman ×3
Feudal
10:00
Castle
16:43
Imperial
33:00
| APM avg | 27.3 |
| APM peak | 63 |
| eAPM avg | 16.4 |
| Villagers / military | 160 / 258 |
Focus
⚔️ 28.0% · 🌾 72.0%
Longbowman ×126 · Spearman ×123 · Monk ×5 · Trebuchet (Packed) ×3 · Militia ×1
Feudal
11:08
Castle
20:58
Imperial
34:38
| APM avg | 24.1 |
| APM peak | 61 |
| eAPM avg | 16.1 |
| Villagers / military | 106 / 145 |
Focus
⚔️ 44.2% · 🌾 55.8%
Skirmisher ×59 · Spearman ×50 · Teutonic Knight ×23 · Trebuchet (Packed) ×8 · Battering Ram ×5
Feudal
10:48
Castle
18:11
Imperial
39:06
| APM avg | 24.8 |
| APM peak | 74 |
| eAPM avg | 11.4 |
| Villagers / military | 115 / 229 |
Focus
⚔️ 30.0% · 🌾 70.0%
Scout Cavalry ×118 · Cavalry Archer ×61 · Steppe Lancer ×23 · Spearman ×16 · Mangudai ×11
Match map
Resources at game start + every placement click. Thick line = wall · dashed box = detected house wall. 🟡 gold · ⚪ stone · 🟢 berries · 🔶 boar · ⭕ relic
Your base· ✓ Closed at 22:27 · 63t walls
Crocodileandy's base· ✓ Closed at 16:43 · 9t walls
Kingmasi's base· ✓ Closed at 20:58 · 32t walls
B3000's base· Open — unwalled flank
Elevation-shaded terrain · ⚠ = detected wall gap · hover for details
Inputs per minute
— kingthom - - Crocodileandy
Build order — kingthom
First 150 of 369 actions detected
| 0:02 | Create | Villager (Male) |
| 0:02 | Create | Villager (Male) |
| 0:03 | Create | Villager (Male) |
| 0:03 | Create | Villager (Male) |
| 0:06 | Build | House |
| 0:08 | Build | House |
| 0:10 | Build | House |
| 1:31 | Create | Villager (Male) |
| 1:57 | Create | Villager (Male) |
| 2:27 | Create | Villager (Male) |
| 2:27 | Create | Villager (Male) |
| 3:12 | Create | Villager (Male) |
| 4:04 | Create | Villager (Male) |
| 4:05 | Create | Villager (Male) |
| 4:05 | Create | Villager (Male) |
| 4:36 | Build | Lumber Camp |
| 4:38 | Create | Villager (Male) |
| 5:01 | Build | Mill |
| 5:31 | Create | Villager (Male) |
| 5:31 | Create | Villager (Male) |
| 5:31 | Create | Villager (Male) |
| 5:56 | Create | Villager (Male) |
| 6:12 | Build | House |
| 6:14 | Build | House |
| 6:21 | Create | Villager (Male) |
| 7:05 | Build | House |
| 7:07 | Build | House |
| 7:28 | Create | Villager (Male) |
| 8:01 | Research | Feudal Age |
| 8:14 | Build | Barracks |
| 8:43 | Build | House |
| 9:23 | Create | Villager (Male) |
| 9:27 | Build | Mining Camp |
| 9:39 | Build | House |
| 10:11 | Age | Feudal Age |
| 10:35 | Build | Stone Wall |
| 10:39 | Create | Villager (Male) |
| 10:46 | Build | Stable |
| 11:04 | Build | Stone Wall |
| 11:06 | Create | Villager (Male) |
| 11:12 | Create | Villager (Male) |
| 11:21 | Build | Mining Camp |
| 11:48 | Build | Stone Wall |
| 11:53 | Create | Villager (Male) |
| 12:01 | Create | Villager (Male) |
| 12:09 | Create | Scout Cavalry |
| 12:09 | Create | Scout Cavalry |
| 12:18 | Build | Stone Wall |
| 12:35 | Create | Villager (Male) |
| 12:45 | Build | Lumber Camp |
| 12:58 | Create | Scout Cavalry |
| 13:22 | Build | Building 490 |
| 13:34 | Create | Villager (Male) |
| 13:35 | Create | Villager (Male) |
| 13:40 | Create | Scout Cavalry |
| 13:49 | Create | Villager (Male) |
| 14:01 | Create | Villager (Male) |
| 14:09 | Build | Farm |
| 14:09 | Build | Farm |
| 14:09 | Build | Farm |
| 14:09 | Build | Farm |
| 14:10 | Build | Farm |
| 14:10 | Build | Farm |
| 14:10 | Build | Farm |
| 14:10 | Build | Farm |
| 14:11 | Build | Farm |
| 14:23 | Create | Scout Cavalry |
| 14:31 | Build | Stone Wall |
| 14:38 | Build | Farm |
| 14:40 | Build | Farm |
| 14:45 | Build | House |
| 14:59 | Create | Villager (Male) |
| 15:23 | Build | Mill |
| 15:39 | Build | Farm |
| 15:41 | Build | Farm |
| 15:43 | Build | Farm |
| 15:49 | Create | Villager (Male) |
| 15:56 | Build | Farm |
| 15:59 | Build | Farm |
| 17:46 | Build | Stone Wall |
| 17:48 | Create | Villager (Male) |
| 17:49 | Create | Villager (Male) |
| 17:58 | Build | Farm |
| 17:58 | Build | Farm |
| 18:20 | Build | Stone Wall |
| 18:23 | Create | Villager (Male) |
| 18:31 | Build | Farm |
| 18:49 | Build | Market |
| 18:51 | Build | House |
| 18:55 | Create | Villager (Male) |
| 19:36 | Build | Farm |
| 19:48 | Research | Castle Age |
| 20:01 | Build | Stable |
| 20:07 | Create | Spearman |
| 20:07 | Create | Spearman |
| 20:14 | Build | Building 487 |
| 20:37 | Create | Villager (Male) |
| 20:52 | Research | Wheelbarrow |
| 21:03 | Build | Stable |
| 21:12 | Build | Blacksmith |
| 21:14 | Create | Villager (Male) |
| 21:36 | Build | Farm |
| 21:44 | Create | Villager (Male) |
| 21:50 | Research | Stone Mining |
| 22:04 | Build | Farm |
| 22:12 | Create | Spearman |
| 22:20 | Research | Double-Bit Axe |
| 22:23 | Research | Gold Mining |
| 22:27 | Age | Castle Age |
| 22:46 | Build | Town Center |
| 22:52 | Create | Villager (Male) |
| 23:11 | Create | Villager (Male) |
| 23:37 | Build | Town Center |
| 23:54 | Research | Husbandry |
| 23:56 | Research | Forging |
| 23:57 | Research | Scale Barding Armor |
| 23:58 | Create | Villager (Male) |
| 23:59 | Create | Villager (Male) |
| 24:02 | Create | Villager (Male) |
| 24:23 | Create | Villager (Male) |
| 24:24 | Create | Villager (Male) |
| 24:44 | Research | Bow Saw |
| 24:48 | Create | Villager (Male) |
| 24:50 | Create | Villager (Male) |
| 24:50 | Create | Villager (Male) |
| 25:10 | Build | Farm |
| 25:10 | Build | Farm |
| 25:10 | Build | Farm |
| 25:15 | Create | Villager (Male) |
| 25:15 | Create | Villager (Male) |
| 25:21 | Create | Villager (Male) |
| 25:22 | Create | Villager (Male) |
| 25:36 | Build | Farm |
| 25:36 | Build | Farm |
| 25:44 | Build | Farm |
| 26:10 | Research | Hand Cart |
| 26:12 | Create | Villager (Male) |
| 26:13 | Create | Villager (Male) |
| 26:28 | Build | Farm |
| 26:35 | Build | Farm |
| 26:41 | Build | Farm |
| 26:53 | Create | Villager (Male) |
| 26:54 | Create | Villager (Male) |
| 26:54 | Create | Villager (Male) |
| 26:55 | Create | Villager (Male) |
| 26:56 | Create | Villager (Male) |
| 26:57 | Create | Villager (Male) |
| 27:10 | Create | Villager (Male) |
| 27:16 | Build | Farm |
| 27:37 | Build | Castle |
Build order — Crocodileandy
First 150 of 471 actions detected
| 0:00 | Create | Villager (Male) |
| 0:01 | Create | Villager (Male) |
| 0:01 | Create | Villager (Male) |
| 0:02 | Build | House |
| 0:04 | Build | House |
| 0:51 | Create | Villager (Male) |
| 2:02 | Create | Villager (Male) |
| 2:03 | Create | Villager (Male) |
| 2:03 | Create | Villager (Male) |
| 2:52 | Create | Villager (Male) |
| 2:53 | Create | Villager (Male) |
| 2:53 | Create | Villager (Male) |
| 2:57 | Build | Lumber Camp |
| 3:38 | Create | Villager (Male) |
| 3:52 | Create | Villager (Male) |
| 4:06 | Build | House |
| 4:13 | Create | Villager (Male) |
| 5:32 | Create | Villager (Male) |
| 5:32 | Create | Villager (Male) |
| 5:32 | Create | Villager (Male) |
| 5:32 | Create | Villager (Male) |
| 6:02 | Build | House |
| 6:26 | Build | House |
| 6:46 | Build | Barracks |
| 6:48 | Build | Palisade Wall |
| 6:58 | Create | Villager (Male) |
| 7:29 | Build | Mill |
| 7:50 | Research | Feudal Age |
| 8:01 | Build | House |
| 8:09 | Build | Palisade Wall |
| 8:12 | Build | House |
| 8:36 | Create | Villager (Male) |
| 8:36 | Create | Villager (Male) |
| 9:00 | Build | Mining Camp |
| 9:38 | Build | Farm |
| 10:00 | Age | Feudal Age |
| 10:03 | Create | Villager (Male) |
| 10:12 | Research | Double-Bit Axe |
| 10:14 | Research | Horse Collar |
| 10:36 | Build | Farm |
| 10:39 | Build | Farm |
| 10:43 | Build | Farm |
| 10:57 | Build | Farm |
| 11:00 | Create | Spearman |
| 11:15 | Create | Villager (Male) |
| 11:15 | Create | Villager (Male) |
| 11:16 | Create | Villager (Male) |
| 11:19 | Build | Farm |
| 11:58 | Create | Villager (Male) |
| 12:12 | Create | Villager (Male) |
| 12:17 | Build | Farm |
| 12:19 | Build | Farm |
| 12:25 | Build | Blacksmith |
| 12:48 | Create | Villager (Male) |
| 12:52 | Build | Farm |
| 12:57 | Research | Loom |
| 13:10 | Build | Archery Range |
| 13:24 | Build | Farm |
| 13:32 | Build | Farm |
| 14:03 | Research | Castle Age |
| 14:03 | Research | Castle Age |
| 14:17 | Build | Mining Camp |
| 14:23 | Create | Villager (Male) |
| 15:18 | Create | Villager (Male) |
| 15:18 | Create | Villager (Male) |
| 15:23 | Build | House |
| 15:44 | Build | Farm |
| 16:24 | Build | House |
| 16:27 | Build | House |
| 16:30 | Build | House |
| 16:33 | Create | Militia |
| 16:35 | Create | Spearman |
| 16:35 | Create | Spearman |
| 16:39 | Build | House |
| 16:43 | Age | Castle Age |
| 16:44 | Build | House |
| 16:54 | Build | House |
| 16:56 | Build | Palisade Wall |
| 17:08 | Build | House |
| 17:11 | Build | Palisade Wall |
| 17:15 | Build | House |
| 17:50 | Create | Villager (Male) |
| 17:50 | Create | Villager (Male) |
| 18:11 | Build | Town Center |
| 18:31 | Create | Villager (Male) |
| 18:31 | Create | Villager (Male) |
| 18:56 | Build | Town Center |
| 19:05 | Build | Farm |
| 19:09 | Build | Farm |
| 19:21 | Create | Villager (Male) |
| 19:21 | Create | Villager (Male) |
| 19:22 | Create | Villager (Male) |
| 19:26 | Build | Farm |
| 19:52 | Create | Villager (Male) |
| 19:52 | Create | Villager (Male) |
| 19:56 | Create | Villager (Male) |
| 19:56 | Create | Villager (Male) |
| 20:01 | Research | Horse Collar |
| 20:36 | Build | Farm |
| 20:52 | Build | Farm |
| 21:04 | Create | Villager (Male) |
| 21:04 | Create | Villager (Male) |
| 21:04 | Create | Villager (Male) |
| 21:05 | Create | Villager (Male) |
| 21:05 | Create | Villager (Male) |
| 21:06 | Create | Villager (Male) |
| 21:06 | Create | Villager (Male) |
| 21:06 | Create | Villager (Male) |
| 21:06 | Create | Villager (Male) |
| 21:13 | Build | Farm |
| 21:16 | Build | Farm |
| 21:38 | Create | Villager (Male) |
| 21:38 | Create | Villager (Male) |
| 21:38 | Create | Villager (Male) |
| 21:43 | Build | Farm |
| 21:46 | Build | Farm |
| 22:00 | Build | Lumber Camp |
| 22:29 | Build | Monastery |
| 22:40 | Create | Villager (Male) |
| 22:41 | Create | Villager (Male) |
| 22:41 | Create | Villager (Male) |
| 22:41 | Create | Villager (Male) |
| 22:51 | Create | Villager (Male) |
| 22:51 | Create | Villager (Male) |
| 22:56 | Build | Farm |
| 22:57 | Build | Farm |
| 22:57 | Build | Farm |
| 22:57 | Build | Farm |
| 22:58 | Build | Farm |
| 22:58 | Build | Farm |
| 22:59 | Build | Farm |
| 22:59 | Build | Farm |
| 23:06 | Create | Villager (Male) |
| 23:07 | Create | Villager (Male) |
| 23:17 | Build | Farm |
| 23:18 | Create | Monk |
| 23:18 | Create | Monk |
| 23:20 | Create | Monk |
| 23:21 | Create | Monk |
| 23:33 | Research | Bow Saw |
| 23:37 | Build | Farm |
| 23:44 | Build | Farm |
| 23:58 | Build | Farm |
| 24:26 | Build | Castle |
| 24:41 | Create | Villager (Male) |
| 24:42 | Create | Villager (Male) |
| 24:42 | Create | Villager (Male) |
| 24:42 | Create | Villager (Male) |
| 24:42 | Create | Villager (Male) |
| 24:43 | Create | Villager (Male) |
Build order — Kingmasi
First 150 of 388 actions detected
| 0:01 | Create | Villager (Male) |
| 0:02 | Create | Villager (Male) |
| 0:02 | Create | Villager (Male) |
| 0:02 | Create | Villager (Male) |
| 0:02 | Create | Villager (Male) |
| 0:03 | Build | House |
| 0:04 | Build | House |
| 1:16 | Create | Villager (Male) |
| 1:53 | Create | Villager (Male) |
| 1:53 | Create | Villager (Male) |
| 2:31 | Create | Villager (Male) |
| 2:31 | Create | Villager (Male) |
| 2:48 | Create | Villager (Male) |
| 3:00 | Build | Lumber Camp |
| 3:05 | Build | House |
| 3:06 | Build | House |
| 3:09 | Build | House |
| 3:33 | Create | Villager (Male) |
| 3:41 | Create | Villager (Male) |
| 4:01 | Create | Villager (Male) |
| 4:01 | Create | Villager (Male) |
| 4:23 | Create | Villager (Male) |
| 4:24 | Create | Villager (Male) |
| 4:39 | Build | House |
| 4:40 | Build | House |
| 4:50 | Create | Villager (Male) |
| 5:08 | Create | Villager (Male) |
| 5:19 | Build | Mill |
| 5:30 | Create | Villager (Male) |
| 5:44 | Build | House |
| 5:56 | Create | Villager (Male) |
| 6:13 | Create | Villager (Male) |
| 6:52 | Create | Villager (Male) |
| 6:57 | Create | Villager (Male) |
| 7:16 | Create | Villager (Male) |
| 8:37 | Build | Barracks |
| 8:50 | Build | Palisade Wall |
| 8:58 | Research | Feudal Age |
| 8:59 | Create | Villager (Male) |
| 8:59 | Create | Villager (Male) |
| 9:16 | Create | Villager (Male) |
| 9:34 | Build | Mining Camp |
| 9:47 | Build | Palisade Wall |
| 10:03 | Build | Palisade Wall |
| 10:13 | Build | Palisade Gate |
| 10:38 | Build | Palisade Wall |
| 10:51 | Build | House |
| 10:53 | Build | House |
| 10:57 | Create | Villager (Male) |
| 10:57 | Create | Villager (Male) |
| 11:08 | Age | Feudal Age |
| 11:20 | Build | Blacksmith |
| 11:35 | Build | Mill |
| 11:47 | Build | House |
| 11:58 | Create | Spearman |
| 12:04 | Build | Farm |
| 12:16 | Build | Building 487 |
| 12:17 | Build | House |
| 12:19 | Build | House |
| 12:24 | Build | Stone Wall |
| 12:59 | Create | Villager (Male) |
| 13:04 | Build | Farm |
| 13:07 | Build | Farm |
| 13:12 | Build | Farm |
| 13:28 | Create | Villager (Male) |
| 13:28 | Create | Villager (Male) |
| 13:33 | Build | Farm |
| 13:46 | Build | Farm |
| 14:08 | Build | Farm |
| 14:13 | Build | Farm |
| 14:21 | Build | House |
| 14:24 | Build | House |
| 14:27 | Build | House |
| 14:28 | Build | House |
| 14:33 | Create | Villager (Male) |
| 14:33 | Create | Villager (Male) |
| 14:40 | Build | Farm |
| 14:46 | Create | Villager (Male) |
| 14:51 | Build | Farm |
| 14:59 | Build | Farm |
| 15:03 | Build | Farm |
| 15:12 | Create | Villager (Male) |
| 15:22 | Build | Farm |
| 15:31 | Build | Farm |
| 15:47 | Create | Villager (Male) |
| 15:55 | Build | House |
| 15:56 | Build | House |
| 15:57 | Build | House |
| 15:58 | Build | House |
| 16:10 | Create | Villager (Male) |
| 16:47 | Build | Blacksmith |
| 16:51 | Create | Villager (Male) |
| 17:10 | Create | Villager (Male) |
| 17:25 | Build | House |
| 17:32 | Create | Villager (Male) |
| 17:37 | Build | Market |
| 18:02 | Build | Farm |
| 18:09 | Build | Farm |
| 18:13 | Research | Castle Age |
| 18:23 | Create | Spearman |
| 18:23 | Create | Spearman |
| 18:36 | Build | Stone Wall |
| 18:51 | Research | Double-Bit Axe |
| 18:58 | Research | Horse Collar |
| 19:40 | Build | House |
| 19:41 | Build | House |
| 20:55 | Research | Forging |
| 20:56 | Research | Scale Mail Armor |
| 20:58 | Age | Castle Age |
| 21:02 | Build | Town Center |
| 21:07 | Create | Villager (Male) |
| 21:07 | Create | Villager (Male) |
| 21:08 | Create | Villager (Male) |
| 21:08 | Create | Villager (Male) |
| 21:24 | Build | Mining Camp |
| 21:52 | Build | Archery Range |
| 21:54 | Create | Villager (Male) |
| 22:11 | Create | Villager (Male) |
| 22:11 | Create | Villager (Male) |
| 22:12 | Create | Villager (Male) |
| 22:12 | Create | Villager (Male) |
| 22:12 | Create | Villager (Male) |
| 22:15 | Build | Farm |
| 22:58 | Build | Lumber Camp |
| 23:12 | Build | Farm |
| 23:21 | Build | Farm |
| 23:40 | Research | Fletching |
| 23:54 | Create | Villager (Male) |
| 23:54 | Create | Villager (Male) |
| 23:58 | Research | Wheelbarrow |
| 24:04 | Build | Farm |
| 24:16 | Research | Elite Skirmisher (upgrade) |
| 24:24 | Research | Bodkin Arrow |
| 24:25 | Build | Farm |
| 24:35 | Create | Skirmisher |
| 24:35 | Create | Skirmisher |
| 24:35 | Create | Skirmisher |
| 24:36 | Create | Skirmisher |
| 24:54 | Create | Villager (Male) |
| 24:55 | Create | Villager (Male) |
| 24:58 | Create | Villager (Male) |
| 24:58 | Create | Villager (Male) |
| 25:25 | Create | Spearman |
| 25:32 | Build | Town Center |
| 25:41 | Create | Villager (Male) |
| 25:50 | Research | Padded Archer Armor |
| 26:13 | Build | Lumber Camp |
| 26:33 | Build | Archery Range |
| 26:52 | Create | Villager (Male) |
| 26:52 | Create | Villager (Male) |
Build order — B3000
First 150 of 394 actions detected
| 0:02 | Create | Villager (Male) |
| 0:02 | Create | Villager (Male) |
| 0:03 | Create | Villager (Male) |
| 0:04 | Build | House |
| 0:06 | Build | House |
| 0:15 | Create | Villager (Male) |
| 1:25 | Create | Villager (Male) |
| 1:51 | Build | Lumber Camp |
| 1:53 | Create | Villager (Male) |
| 2:43 | Create | Villager (Male) |
| 2:54 | Create | Villager (Male) |
| 3:00 | Create | Villager (Male) |
| 4:06 | Build | House |
| 4:10 | Build | Mill |
| 4:14 | Create | Villager (Male) |
| 4:19 | Create | Villager (Male) |
| 5:02 | Create | Villager (Male) |
| 5:43 | Create | Villager (Male) |
| 5:44 | Create | Villager (Male) |
| 5:44 | Create | Villager (Male) |
| 5:44 | Create | Villager (Male) |
| 6:07 | Create | Villager (Male) |
| 6:18 | Create | Villager (Male) |
| 6:26 | Build | House |
| 6:46 | Create | Villager (Male) |
| 6:46 | Create | Villager (Male) |
| 7:42 | Research | Loom |
| 7:43 | Research | Feudal Age |
| 7:58 | Build | Mining Camp |
| 8:49 | Create | Villager (Male) |
| 8:49 | Create | Villager (Male) |
| 10:18 | Build | Palisade Wall |
| 10:32 | Build | Barracks |
| 10:39 | Build | House |
| 10:48 | Age | Feudal Age |
| 10:59 | Create | Villager (Male) |
| 11:44 | Build | Palisade Wall |
| 11:54 | Build | Archery Range |
| 11:58 | Create | Spearman |
| 12:04 | Research | Double-Bit Axe |
| 12:07 | Research | Horse Collar |
| 12:14 | Build | Farm |
| 12:14 | Build | Farm |
| 12:15 | Build | Farm |
| 12:16 | Build | Farm |
| 12:40 | Create | Villager (Male) |
| 12:41 | Create | Villager (Male) |
| 12:42 | Create | Villager (Male) |
| 12:42 | Create | Villager (Male) |
| 12:55 | Build | House |
| 13:04 | Build | House |
| 13:06 | Build | House |
| 13:08 | Build | House |
| 13:14 | Build | House |
| 13:34 | Build | Farm |
| 13:55 | Build | Farm |
| 14:03 | Build | Farm |
| 14:36 | Build | Blacksmith |
| 14:41 | Create | Villager (Male) |
| 14:42 | Create | Villager (Male) |
| 15:05 | Build | Farm |
| 15:10 | Build | Farm |
| 15:21 | Research | Castle Age |
| 15:22 | Research | Castle Age |
| 15:29 | Build | Farm |
| 15:29 | Build | Farm |
| 15:30 | Build | Farm |
| 15:30 | Build | Farm |
| 15:31 | Build | Farm |
| 15:31 | Build | Farm |
| 15:31 | Build | Farm |
| 15:32 | Build | Farm |
| 15:32 | Build | Farm |
| 15:32 | Build | Farm |
| 15:32 | Build | Farm |
| 15:33 | Build | Farm |
| 15:33 | Build | Farm |
| 15:34 | Build | Farm |
| 15:34 | Build | Farm |
| 15:34 | Build | Farm |
| 15:35 | Build | Farm |
| 15:35 | Build | Farm |
| 15:36 | Build | Farm |
| 15:37 | Build | Farm |
| 15:37 | Build | Farm |
| 15:37 | Build | Farm |
| 15:38 | Build | Farm |
| 15:38 | Build | Farm |
| 15:38 | Build | Farm |
| 15:39 | Build | Farm |
| 15:39 | Build | Farm |
| 16:02 | Build | Palisade Wall |
| 16:10 | Build | Farm |
| 16:20 | Build | Farm |
| 16:21 | Build | Farm |
| 16:33 | Research | Fletching |
| 16:34 | Research | Padded Archer Armor |
| 16:49 | Create | Spearman |
| 17:01 | Build | House |
| 17:10 | Create | Villager (Male) |
| 17:10 | Create | Villager (Male) |
| 17:17 | Build | Lumber Camp |
| 17:30 | Create | Villager (Male) |
| 17:48 | Build | Mining Camp |
| 17:54 | Research | Gold Mining |
| 18:11 | Age | Castle Age |
| 18:13 | Create | Cavalry Archer ×2 |
| 18:18 | Create | Cavalry Archer |
| 18:35 | Research | Bodkin Arrow |
| 18:40 | Create | Cavalry Archer |
| 18:41 | Create | Cavalry Archer |
| 19:07 | Research | Bow Saw |
| 19:21 | Create | Villager (Male) |
| 19:49 | Research | Heavy Plow |
| 19:57 | Create | Cavalry Archer |
| 19:57 | Create | Cavalry Archer |
| 20:03 | Create | Villager (Male) |
| 20:26 | Create | Villager (Male) |
| 20:27 | Create | Villager (Male) |
| 20:53 | Build | Town Center |
| 20:57 | Create | Villager (Male) |
| 20:58 | Research | Town Watch |
| 21:02 | Create | Cavalry Archer |
| 21:03 | Create | Cavalry Archer |
| 21:59 | Research | Thumb Ring |
| 22:18 | Create | Villager (Male) |
| 22:22 | Build | Farm |
| 22:23 | Build | Farm |
| 22:23 | Build | Farm |
| 22:23 | Build | Farm |
| 22:23 | Build | Farm |
| 22:23 | Build | Farm |
| 22:24 | Build | Farm |
| 22:24 | Build | Farm |
| 22:24 | Build | Farm |
| 22:54 | Create | Villager (Male) |
| 22:54 | Create | Villager (Male) |
| 22:55 | Create | Villager (Male) |
| 22:55 | Create | Villager (Male) |
| 23:20 | Create | Villager (Male) |
| 23:20 | Create | Villager (Male) |
| 23:20 | Create | Villager (Male) |
| 23:26 | Build | Farm |
| 23:26 | Build | Farm |
| 23:33 | Create | Villager (Male) |
| 23:38 | Create | Villager (Male) |
| 23:58 | Create | Cavalry Archer ×5 |
| 24:25 | Research | Wheelbarrow |
| 24:27 | Create | Villager (Male) |
| 24:27 | Create | Villager (Male) |
Match timeline
| 6:46 | Crocodileandy · first_building Barracks |
| 6:48 | Crocodileandy · wall_segment Palisade Wall x1 |
| 8:09 | Crocodileandy · wall_segment Palisade Wall x8 |
| 8:14 | kingthom · first_building Barracks |
| 8:37 | Kingmasi · first_building Barracks |
| 8:50 | Kingmasi · wall_segment Palisade Wall x1 |
| 9:47 | Kingmasi · wall_segment Palisade Wall x12 |
| 10:00 | Crocodileandy · age_up feudal |
| 10:03 | Kingmasi · wall_segment Palisade Wall x12 |
| 10:11 | kingthom · age_up feudal |
| 10:18 | B3000 · wall_segment Palisade Wall x6 |
| 10:32 | B3000 · first_building Barracks |
| 10:35 | kingthom · wall_segment Stone Wall x11 |
| 10:38 | Kingmasi · wall_segment Palisade Wall x14 |
| 10:46 | kingthom · first_building Stable |
| 10:48 | B3000 · age_up feudal |
| 11:04 | kingthom · wall_segment Stone Wall x10 |
| 11:08 | Kingmasi · age_up feudal |
| 11:44 | B3000 · wall_segment Palisade Wall x12 |
| 11:48 | kingthom · wall_segment Stone Wall x10 |
| 11:54 | B3000 · first_building Archery Range |
| 12:18 | kingthom · wall_segment Stone Wall x11 |
| 12:24 | Kingmasi · wall_segment Stone Wall x1 |
| 13:10 | Crocodileandy · first_building Archery Range |
| 14:31 | kingthom · wall_segment Stone Wall x12 |
| 16:02 | B3000 · wall_segment Palisade Wall x10 |
| 16:43 | Crocodileandy · age_up castle |
| 16:56 | Crocodileandy · wall_segment Palisade Wall x1 |
| 17:11 | Crocodileandy · wall_segment Palisade Wall x1 |
| 17:46 | kingthom · wall_segment Stone Wall x3 |
| 18:11 | B3000 · age_up castle |
| 18:20 | kingthom · wall_segment Stone Wall x20 |
| 18:36 | Kingmasi · wall_segment Stone Wall x4 |
| 20:58 | Kingmasi · age_up castle |
| 21:52 | Kingmasi · first_building Archery Range |
| 22:27 | kingthom · age_up castle |
| 22:29 | Crocodileandy · first_building Monastery |
| 24:26 | Crocodileandy · first_building Castle |
| 25:55 | kingthom · first_market_buy 100 food |
| 27:34 | B3000 · first_building Castle |
| 27:37 | kingthom · first_building Castle |
| 29:07 | Kingmasi · first_building Castle |
| 29:22 | Kingmasi · first_market_sell 100 wood |
| 29:30 | Kingmasi · first_market_buy 100 food |
| 31:59 | Kingmasi · first_building Siege Workshop |
| 32:55 | kingthom · age_up imperial |
| 33:00 | Crocodileandy · age_up imperial |
| 34:24 | B3000 · first_building Stable |
| 34:38 | Kingmasi · age_up imperial |
| 35:10 | kingthom · first_market_sell 100 wood |
| 39:06 | B3000 · age_up imperial |
| 41:32 | kingthom · tribute_sent a jugador 1 |
| 41:32 | kingthom · tribute_sent a jugador 2 |
| 41:32 | kingthom · tribute_sent a jugador 3 |
| 42:03 | kingthom · tribute_sent a jugador 1 |
| 42:03 | kingthom · tribute_sent a jugador 2 |
| 42:03 | kingthom · tribute_sent a jugador 3 |
| 42:28 | Kingmasi · wall_segment Stone Wall x19 |
| 42:50 | Crocodileandy · wall_segment Palisade Wall x1 |
| 48:31 | B3000 · resign |
[ AI ANALYSIS · 1 CREDIT ]
What really happened in this match?
Wolo.gg analyzes every decision: build order, eco, micro, common mistakes by bracket. Personalized analysis on WhatsApp or Discord in 30 seconds.
Civ guide
Franks
Map guide
Arabia
Perfil
kingthom